 Dungeon Crawl Stone Soup version 0.25.1-2-g60ff931df9 (webtiles) character file.

Game seed: 3724464860127540210

811 Kold the Insei (level 7, -1/43 HPs)
             Began as an Octopode Transmuter on Aug 14, 2020.
             Slain by an ice beast (13 damage)
             ... on level 6 of the Dungeon.
             The game lasted 00:11:22 (6515 turns).

Kold the Insei (Octopode Transmuter)                Turns: 6515, Time: 00:11:23

Health: -1/43      AC:  1    Str:  9    XL:     7   Next: 93%
Magic:  10/10      EV: 13    Int: 18    God:
Gold:   219        SH:  0    Dex: 12    Spells: 4/10 levels left

rFire    . . .     SeeInvis .     - Unarmed
rCold    . . .     Gourm    .   (no shield)
rNeg     . . .     Faith    .   (helmet restricted)
rPois    .         Spirit   .   (no amulet)
rElec    .         Reflect  .   w - ring of wizardry
rCorr    .         Harm     .   (no ring)
MR       .....                  (no ring)
Stlth    ++........             (no ring)
HPRegen  0.14/turn              (no ring)
MPRegen  0.12/turn              (no ring)
                                (no ring)
                                (no ring)

@: appendage
A: almost no armour, stealthy swim, amphibious, 8 rings, constrict 8, tentacle
spike 3, camouflage 1, gelatinous body 1
a: End Transformation


You were on level 6 of the Dungeon.
You were hungry.
One of your tentacles had a temporary spike.
You visited 1 branch of the dungeon, and saw 6 of its levels.

You collected 219 gold pieces.

Inventory:

Missiles
 a - 55 arrows
Jewellery
 w - a ring of wizardry (left tentacle)
Wands
 p - a wand of iceblast (5)
 t - a wand of polymorph (6)
 u - a wand of paralysis (7)
Scrolls
 f - a scroll of amnesia {unknown}
 g - 2 scrolls of remove curse
 i - 5 scrolls of identify {unknown}
 l - a scroll of blinking {unknown}
 n - a scroll of random uselessness {unknown}
 o - 2 scrolls of enchant weapon {unknown}
 s - a scroll of enchant armour {unknown}
Potions
 b - 2 potions of flight {unknown}
 e - 5 potions of curing
 h - 4 potions of heal wounds {unknown}
 j - a potion of magic {unknown}
 k - a potion of lignification {unknown}
 m - 3 potions of brilliance {unknown}
 q - a potion of might {unknown}
 r - a potion of berserk rage {unknown}
 v - a potion of degeneration {unknown}
Comestibles
 c - 8 rations


   Skills:
 - Level 1.0 Fighting
 - Level 2.0 Dodging
 + Level 6.4 Unarmed Combat
 - Level 2.0 Spellcasting
 + Level 6.0 Transmutations
 - Level 3.0 Poison Magic


You had 4 spell levels left.
You knew the following spells:

 Your Spells              Type           Power        Failure   Level  Hunger
a - Beastly Appendage     Tmut           ###...       1%          1    #......
b - Sticks to Snakes      Tmut           ###.....     1%          2    ###....
c - Spider Form           Tmut/Pois      ###.......   3%          3    ###....

Your spell library contained the following spells:

 Spells                   Type           Power        Failure   Level  Hunger
 Ice Form                 Ice/Tmut       ##......     21%         4    #####..
 Blade Hands              Tmut           ###.......   16%         5    ######.


Dungeon Overview and Level Annotations

Branches:
Dungeon (6/15)
 Temple: D:4-7

Altars:
Cheibriados

Shops:
D:5 [


Innate Abilities, Weirdness & Mutations

You cannot wear most types of armour.
You are very stealthy in the water. (Stealth+)
You are amphibious.
You can wear up to eight rings at the same time.
You can use your tentacles to constrict eight enemies at once.
Your skin changes colour to match your surroundings (Stealth+).
Your rubbery body absorbs attacks. (AC +1, EV +1)
One of your tentacles bears a large vicious spike.


Message History

The ice beast is moderately wounded.
You tentacle-slap the ice beast but do no damage.
The ice beast is moderately wounded.
The ice beast hits you. The ice beast freezes you!
You completely miss the ice beast.
The ice beast is moderately wounded.
The ice beast barely misses you.
You closely miss the ice beast.
You pierce the ice beast.
The ice beast is moderately wounded.
The ice beast barely misses you.
You tentacle-slap the ice beast.
Your tentacle spike misses the ice beast.
The ice beast is heavily wounded.
The ice beast hits you. The ice beast freezes you!
You barely miss the ice beast.
The ice beast is heavily wounded.
The ice beast hits you.
* * * LOW HITPOINT WARNING * * *
The ice beast freezes you!
You die...

..#.... ..#..#
####.#..###.# #
#..........
#..#<##.#..#
#.........#
##..####.##
#..####.###..#
#...Y@..[......
#.######.##..#.
#. .# # .. .#
.. .# .# ..


You could see an ice beast.

Vanquished Creatures
  A sky beast (D:5)
  An ogre (D:5)
  Blork the orc (D:4)
  A scorpion (D:5)
  A crimson imp (D:5)
  A jelly (D:5)
  An orc priest (D:3)
  An orc wizard (D:3)
  Jessica (D:3)
  3 iguanas
  2 worker ants
  Robin (D:4)
  A howler monkey zombie (D:5)
  10 adders
  2 shadow imps (D:5)
  An adder skeleton (D:5)
  3 worms
  4 dart slugs
  3 leopard geckos
  6 orcs
  5 giant cockroaches
  17 goblins
  15 hobgoblins
  4 jackals
  7 bats
  7 frilled lizards
  7 kobolds
  A leopard gecko skeleton (D:2)
  8 rats
116 creatures vanquished.

Notes
Turn   | Place    | Note
-------+----------+-------------------------------------------
     0 | D:1      | Kold the Octopode Transmuter began the quest for the Orb.
     0 | D:1      | Reached XP level 1. HP: 13/13 MP: 3/3
   157 | D:1      | Reached XP level 2. HP: 16/18 MP: 3/5
   699 | D:1      | Reached XP level 3. HP: 23/23 MP: 4/6
  1595 | D:2      | Found a faded altar of an unknown god.
  1601 | D:2      | Reached XP level 4. HP: 20/28 MP: 7/7
  2620 | D:3      | Reached XP level 5. HP: 27/33 MP: 6/8
  3052 | D:3      | Learned a level 2 spell: Sticks to Snakes
  3056 | D:3      | Learned a level 3 spell: Spider Form
  3275 | D:3      | Reached skill level 1 in Poison Magic
  3390 | D:3      | Noticed Jessica
  3400 | D:3      | Killed Jessica
  3405 | D:3      | Reached XP level 6. HP: 17/38 MP: 4/9
  3938 | D:3      | Reached skill level 5 in Unarmed Combat
  4199 | D:4      | Noticed Robin
  4219 | D:4      | Killed Robin
  5527 | D:4      | Noticed Blork the orc
  5540 | D:4      | Killed Blork the orc
  5540 | D:4      | Reached skill level 5 in Transmutations
  5540 | D:4      | Reached XP level 7. HP: 43/43 MP: 5/10
  5747 | D:5      | Entered Level 5 of the Dungeon
  6013 | D:5      | Found Pace's Armour Shop.
  6423 | D:5      | Found a snail-covered altar of Cheibriados.
  6515 | D:6      | Slain by an ice beast

Illustrated notes

Levels and vault maps discovered:
D:1:      dpeg_arrival_arbitrary_c, layout_loops_corners,
          ebering_dispersal_statue_hall
D:2:      layout_loops_cross, first_ration, chequers_ecumenical_altar_simple
D:3:      layout_basic, uniq_jessica
D:4:      layout_basic, minmay_increasing_density, uniq_robin,
          uniq_blork_the_orc
D:5:      layout_basic, cheibrodos_worm_habitat, serial_glass, glass_columns_a,
          glass_columns_b, serial_shops, shop, hex_medium,
          uniq_crazy_yiuf_cottage, uniq_prince_ribbit1
D:6:      layout_loops_cross

Skill      XL: |  1  2  3  4  5  6  7 |
---------------+----------------------+-----
Transmutations | 3 4 5 6 |  6.0
Unarmed Combat | 4 5 6 |  6.4
Poison Magic   | 1 3 |  3.0
Fighting       | |  1.0
Dodging        | |  2.0
Spellcasting   | |  2.0

Action                   |  1- 3 |  4- 6 |  7- 9 || total
-------------------------+-------+-------+-------++-------
Melee: Unarmed           |    79 |   191 |    48 ||   318
       Constrict         |    27 |    39 |     6 ||    72
       Tentacles         |    10 |    25 |     4 ||    39
       Kick              |    12 |    36 |     7 ||    55
       Punch             |     2 |     2 |     1 ||     5
 Cast: Beastly Appendage |    21 |    34 |     6 ||    61
       Sticks to Snakes  |       |     4 |       ||     4
       Spider Form       |       |     3 |     5 ||     8
  Use: Potion            |       |     4 |       ||     4
       Scroll            |       |     3 |       ||     3
 Stab: Sleeping          |     8 |     6 |     1 ||    15
  Eat: Chunk             |     3 |    13 |     3 ||    19
Armor: Skin              |    15 |    11 |     2 ||    28
Dodge: Dodged            |    39 |   105 |    26 ||   170
